 Dungeon Crawl Stone Soup version 0.23.0 (webtiles) character file.

Game seed: 13970853543945388502

856 LostNumber the Ruffian (level 7, -3/67 HPs)
             Began as a Troll Ice Elementalist on Feb 14, 2019.
             Slain by an orc
             ... wielding a +0 war axe
              (7 damage)
             ... on level 5 of the Dungeon.
             The game lasted 00:04:00 (3195 turns).

LostNumber the Ruffian (Troll Ice Elementalist)     Turns: 3195, Time: 00:04:01

Health: -3/67      AC:  6    Str: 19    XL:     7   Next: 70%
Magic:  7/7        EV: 11    Int: 11    God:
Gold:   209        SH:  0    Dex: 10    Spells: 7/8 levels left

rFire    . . .     SeeInvis .     - Unarmed
rCold    . . .     Gourm    +   (no shield)
rNeg     . . .     Faith    .   a - +0 robe
rPois    .         Spirit   .   (helmet restricted)
rElec    .         Reflect  .   (no cloak)
rCorr    +         Harm     .   (gloves unavailable)
MR       .....                  (boots unavailable)
Stlth    +.........             (no amulet)
HPRegen  0.61/turn              t - ring of resist corrosion
MPRegen  0.10/turn              (no ring)

@: no status effects
A: large, unfitting armour, claws 3, fast metabolism 3, gourmand, regeneration
1, shaggy fur 1, tough skin 3
a: no special abilities


You were on level 5 of the Dungeon.
You were completely stuffed.

You visited 1 branch of the dungeon, and saw 5 of its levels.

You collected 299 gold pieces.
You spent 90 gold pieces at shops.

Inventory:

Armour
 a - a +0 robe (worn)
Jewellery
 t - a ring of resist corrosion (left claw)
   (You found it on level 3 of the Dungeon)
Scrolls
 c - 2 scrolls of magic mapping {unknown}
 d - a scroll of noise {unknown}
 g - 2 scrolls of teleportation {unknown}
 i - 2 scrolls of enchant armour {unknown}
 k - 2 scrolls of immolation {unknown}
 l - a scroll of fear {unknown}
 o - 3 scrolls of identify {unknown}
 p - 3 scrolls of fog {unknown}
 r - 2 scrolls of remove curse {unknown}
 s - a scroll of amnesia {unknown}
 u - 4 scrolls of enchant weapon {unknown}
Potions
 b - 5 potions of flight {unknown}
 f - 2 potions of haste {unknown}
 h - 2 potions of curing {@q1}
 j - a potion of mutation {unknown}
 m - a potion of heal wounds {unknown}
 n - a potion of lignification {unknown}
 v - 2 potions of agility {unknown}
Comestibles
 e - 6 rations {!d}
 q - 3 chunks of flesh


   Skills:
 + Level 3.3 Fighting
 + Level 3.8 Dodging
 - Level 1.0 Stealth
 * Level 6.0 Unarmed Combat
 - Level 1.2 Spellcasting
   Level 0.6 Conjurations
 - Level 2.1 Ice Magic


You had 7 spell levels left.
You knew the following spells:

 Your Spells              Type           Power        Failure   Level  Hunger
a - Freeze                Ice            #...         13%         1    ##.....

Your spell library contained the following spells:

 Spells                   Type           Power        Failure   Level  Hunger
 Throw Frost              Conj/Ice       #.....       26%         2    ###....
 Animate Skeleton         Necr           N/A          32%         1    ##.....
 Pain                     Necr           #...         32%         1    ##.....
 Ozocubu's Armour         Chrm/Ice       #.......     52%         3    ####...
 Regeneration             Chrm/Necr      #.........   67%         3    ####...
 Vampiric Draining        Necr           #.........   67%         3    ####...
 Throw Icicle             Conj/Ice       #.......     87%         4    #####..
 Summon Ice Beast         Ice/Summ       #.......     90%         4    #####..
 Animate Dead             Necr           N/A          97%         4    #####..


Dungeon Overview and Level Annotations

Branches:
Dungeon (5/15)
 Temple: D:4-7

Altars:
Cheibriados
Nemelex Xobeh
Vehumet
Yredelemnul
Zin


Innate Abilities, Weirdness & Mutations

You are too large for most types of armour.
You have claws for hands.
Your metabolism is lightning-fast.
You like to eat raw meat.
Your natural rate of healing is unusually fast.
You are covered in fur. (AC +1)
You have extremely tough skin. (AC +3)


Message History

You feel less confused. The orc wizard casts a spell at you.
You resist with some effort.
The orc priest hits you but does no damage.
The orc misses you.
You claw the orc priest! The orc wizard closely misses you.
The orc priest closely misses you.
You claw the orc priest!
You kill the orc priest!
The orc wizard hits you with a cursed -2 dagger.
The orc hits you with a +0 war axe.
You closely miss the orc wizard. The orc wizard closely misses you.
The orc hits you with a +0 war axe!
* * * LOW HITPOINT WARNING * * *
The orc closely misses you.
You scratch the orc wizard.
The orc wizard hits you but does no damage.
The orc misses you.
You closely miss the orc wizard. The orc hits you with a +0 flail!
* * * LOW HITPOINT WARNING * * *
The orc wizard barely misses you.
The orc priest calls upon Beogh to heal the orc wizard.
The orc wizard's wounds heal themselves!
You barely miss the orc wizard. The orc completely misses you.
The orc hits you with a +0 flail.
* * * LOW HITPOINT WARNING * * *
The orc wizard misses you.
You closely miss the orc wizard. The orc misses you.
The orc wizard hits you but does no damage.
You scratch the orc wizard. The orc misses you.
The orc hits you with a +0 war axe.
* * * LOW HITPOINT WARNING * * *
The orc wizard hits you but does no damage.
You claw the orc wizard!
You kill the orc wizard!
Your Unarmed Combat skill increases to level 6!
The orc barely misses you.
You barely miss the orc priest. The orc priest barely misses you.
The orc misses you. The orc hits you with a +0 flail!
* * * LOW HITPOINT WARNING * * *
You barely miss the orc priest.
The orc priest hits you but does no damage.
The orc hits you with a +0 war axe!
* * * LOW HITPOINT WARNING * * *
You scratch the orc priest. The orc closely misses you.
The orc priest hits you but does no damage.
You claw the orc priest!
You kill the orc priest!
The orc hits you with a +0 war axe!
You die...

..... #.........+
.....# #.........#
....######......<..#
#......!...####....
#..........+ #....
#..........# +....
#..........# #....
##.....##+## ...##
#@o...# #?o...+
.'.....# ...#.....#
#####.....# #######


You could see 2 orcs.

Vanquished Creatures
  Sigmund (D:4)
  Menkaure (D:4)
  2 ogres
  Blork the orc (D:4)
  A hound (D:4)
  2 orc priests (D:5)
  A bullfrog skeleton (D:4)
  A centaur skeleton (D:4)
  An orc wizard (D:5)
  3 worker ants (D:4)
  2 adders
  A shadow imp (D:5)
  2 worms (D:3)
  5 dart slugs
  3 leopard geckos
  2 orcs (D:3)
  A ball python (D:4)
  6 bats
  4 giant cockroaches
  6 goblins
  7 hobgoblins
  3 quokkas
  4 frilled lizards
  A jackal zombie (D:4)
  4 kobolds
  A leopard gecko skeleton (D:4)
  5 rats
71 creatures vanquished.

Notes
Turn   | Place    | Note
-------+----------+-------------------------------------------
     0 | D:1      | LostNumber the Troll Ice Elementalist began the quest for
                  | the Orb.
     0 | D:1      | Reached XP level 1. HP: 16/16 MP: 1/1
   204 | D:1      | Reached skill level 1 in Unarmed Combat
   215 | D:1      | Reached XP level 2. HP: 25/26 MP: 2/2
  1015 | D:2      | Found a radiant altar of Vehumet.
  1039 | D:2      | Reached XP level 3. HP: 32/32 MP: 3/3
  1052 | D:2      | Reached skill level 1 in Fighting
  1055 | D:2      | Reached skill level 2 in Unarmed Combat
  1572 | D:3      | Found a basalt altar of Yredelemnul.
  1617 | D:3      | Noticed an ogre
  1626 | D:3      | Killed an ogre
  1626 | D:3      | Reached skill level 3 in Unarmed Combat
  1626 | D:3      | Reached XP level 4. HP: 25/41 MP: 4/4
  1793 | D:3      | Reached XP level 5. HP: 48/49 MP: 5/5
  1864 | D:3      | Found Zin's Purification Station.
  1867 | D:3      | Found a glowing silver altar of Zin.
  1870 | D:3      | Bought a potion of curing for 90 gold pieces
  2155 | D:3      | Found a snail-covered altar of Cheibriados.
  2493 | D:4      | Found a sparkling altar of Nemelex Xobeh.
  2494 | D:4      | Noticed Blork the orc
  2568 | D:4      | Killed Blork the orc
  2568 | D:4      | Reached skill level 4 in Unarmed Combat
  2568 | D:4      | Reached XP level 6. HP: 22/57 MP: 6/6
  2642 | D:4      | Noticed Menkaure
  2656 | D:4      | Killed Menkaure
  2668 | D:4      | Noticed Sigmund
  2691 | D:4      | Killed Sigmund
  2691 | D:4      | Reached skill level 5 in Unarmed Combat
  2691 | D:4      | Reached XP level 7. HP: 26/67 MP: 7/7
  3137 | D:5      | Entered Level 5 of the Dungeon
  3191 | D:5      | Reached skill level 6 in Unarmed Combat
  3193 | D:5      | HP: 3/67 [orc/+0 war axe (7)]
  3195 | D:5      | Slain by an orc

Skill      XL: |  1  2  3  4  5  6  7 |
---------------+----------------------+-----
Unarmed Combat | 1 3 4 5 6 |  6.0
Dodging        | 2 3 |  3.8
Fighting       | 1 2 3 |  3.3
Stealth        | |  1.0
Spellcasting   | |  1.2
Conjurations   | |  0.6
Ice Magic      | |  2.1

Action                   |  1- 3 |  4- 6 |  7- 9 || total
-------------------------+-------+-------+-------++-------
Melee: Unarmed           |    93 |   102 |    37 ||   232
       Punch             |     1 |     2 |       ||     3
 Stab: Sleeping          |     3 |     1 |     1 ||     5
  Eat: Chunk             |    21 |     9 |     5 ||    35
Armor: Robe              |    26 |    32 |     8 ||    66
Dodge: Dodged            |    38 |    49 |    31 ||   118
